 Dungeon Crawl Stone Soup version 0.31-a0-876-gfe8ebadbca (webtiles) character file.

Game seed: 1294113667566702198

3 kae the Changeling (level 1, -1/15 HPs)
             Began as a Demigod Shapeshifter on Oct 13, 2023.
             Slain by a hobgoblin (3 damage)
             ... on level 1 of the Dungeon.
             The game lasted 00:00:12 (176 turns).

kae the Changeling (Demigod Shapeshifter)            Turns: 176, Time: 00:00:13

Health: -1/15      AC:  2    Str: 15    XL:     1   Next: 33%
Magic:  3/3        EV: 12    Int: 12    God:
Gold:   21         SH:  0    Dex: 13    Spells: 0/0 levels left

rFire   . .          .
                       - Unarmed
rCold   . . .        (no shield)
rNeg    . . .        a - +0 animal skin
rPois   .            (helmet currently unavailable)
rElec   .            (cloak currently unavailable)
rCorr   .            (gloves currently unavailable)
SInv    .            (boots currently unavailable)
Will    .....        (no amulet)
Stlth   +            (no ring)
HPRegen 0.22/turn    (no ring)
MPRegen 0.08/turn

%: no passive effects
@: beast-form
A: beast (slay +1), high MP 1, forlorn, divine attributes
a: Begin Untransformation


You were on level 1 of the Dungeon.
You were a hulking beast.
You visited 1 branch of the dungeon, and saw 1 of its levels.

You collected 21 gold pieces.


Innate Abilities, Weirdness & Mutations

You are a hulking beast.
Your limbs bulge with bestial killing power. (Slay +1)
You have an increased reservoir of magic. (+10% MP)
You shall have no god before yourself.
Your divine heritage dramatically boosts your attributes as you level up.


   Skills:
 - Level 0.8 Fighting
 - Level 1.7 Dodging
 - Level 2.6 Unarmed Combat
 + Level 2.9 Shapeshifting


You couldn't memorise any spells.
You didn't know any spells.
Your spell library contained the following spells:

 Spells                   Type           Power      Damage    Failure   Level
 Sting                    Tmut/Pois      0%         1d3       32%         1
 Poisonous Vapours        Pois/Air       0%         N/A       45%         2
 Static Discharge         Conj/Air       0%         2-2/arc   45%         2
 Airstrike                Air            0%         2d(0-16)  97%         4
 Olgreb's Toxic Radiance  Pois           0%         N/A       97%         4
 Summon Lightning Spire   Summ/Air       0%         N/A       97%         4

Inventory:

Armour
 a - a +0 animal skin (worn)
Talismans
 c - a beast talisman (active)
 d - a flux talisman
Scrolls
 e - a scroll of identify {unknown}
Potions
 b - a potion of lignification {!q}

Dungeon Overview and Level Annotations

Branches:
Dungeon (1/15) Zot: 5823

#..#######.###
...#
##...........#
...#
###..####.#.#
...# ##..###.#.#
... #...##.#.#
##.#
#.#.##.#.###..#
#......#......###
#####..#..##....#
....>##h...#
#.###....gg......
#####....####
#...... #....###
######


You could see 2 hobgoblins.


Message History

😎 HP[+3]
Your hp is fully restored (15).
No target in view!
No target in view!
There is an open door here.
You see here a +0 short sword.
There is a stone staircase leading down here.
You see here a +1 vampiric hand axe.
There is a stone staircase leading down here.
You see here a +0 whip.
A ball python comes into view.
Found a Young Poisoner's Handbook.
Found a faded altar of an unknown god.
The ball python hisses angrily.
You see here 8 gold pieces.
There is a faded altar of an unknown god here.
A ball python is nearby!
You hit the ball python.
The ball python bites you but does no damage.
The ball python barely misses you.
You hit the ball python.
You kill the ball python!
You pick up a Young Poisoner's Handbook and begin reading...
You add the spells Sting, Poisonous Vapours and Olgreb's Toxic Radiance to your library.
You see here a ball python corpse.
No target in view!
No target in view!
There is a faded altar of an unknown god here.
You now have 21 gold pieces (gained 8).
A kobold comes into view. It is wielding a +0 dagger.
The kobold shouts!
The kobold hits you with a +0 dagger.
You barely miss the kobold. The kobold barely misses you.
A kobold is nearby! 😕 HP[-2]
You take 2 damage, and now have 13/15 hp.
A kobold is nearby!
You hit the kobold. The kobold barely misses you.
You hit the kobold.
You kill the kobold! 😕 HP[+1]
You see here a +0 dagger.
Found a stone staircase leading down. 😎 HP[+1]
Your hp is fully restored (15).
No target in view!
No target in view!
e - a scroll labelled WUFUZIEZIDI No target in view!
No target in view! 2 hobgoblins come into view.
There are monsters nearby!
The hobgoblin shouts!
The hobgoblin hits you but does no damage.
There are monsters nearby!
You closely miss the hobgoblin. The hobgoblin hits you.
You closely miss the hobgoblin.
You punch the hobgoblin, but do no damage.
The hobgoblin barely misses you.
The hobgoblin closely misses you. 😕 HP[-3]
You take 3 damage, and now have 12/15 hp.
There are monsters nearby!
You closely miss the hobgoblin. The hobgoblin hits you.
The hobgoblin closely misses you.
You are too injured to fight recklessly! 😮 HP[-3]
You take 3 damage, and now have 9/15 hp.
There are monsters nearby!
You are too injured to fight recklessly!
You are too injured to fight recklessly!
There are monsters nearby!
You are too injured to fight recklessly!
You are too injured to fight recklessly!
There are monsters nearby!
Unknown command.
You hit the hobgoblin but do no damage.
The hobgoblin hits you but does no damage.
The hobgoblin hits you.
* * * LOW HITPOINT WARNING * * *
😨 HP[-2]
You take 2 damage, and now have 7/15 hp.
You barely miss the hobgoblin. The hobgoblin hits you.
* * * LOW HITPOINT WARNING * * *
The hobgoblin hits you.
* * * LOW HITPOINT WARNING * * *
😱 HP[-6]
You take 6 damage, and now have 1/15 hp.
MASSIVE DAMAGE!! (PAUSE)
Okay, then.
You hit the hobgoblin but do no damage. The hobgoblin misses you.
The hobgoblin hits you but does no damage. 😱 HP[+1]
You hit the hobgoblin but do no damage.
The hobgoblin hits you but does no damage.
The hobgoblin barely misses you.
Unknown command.
You barely miss the hobgoblin. The hobgoblin closely misses you.
The hobgoblin hits you but does no damage.
You barely miss the hobgoblin. The hobgoblin barely misses you.
The hobgoblin hits you.
You die...

Action                     || total
---------------------------++-------
  Melee: Unarmed           ||    22
         Punch             ||     2
 Armour: Animal skin       ||    17
  Dodge: Dodged            ||    12

Levels and vault maps discovered:
D:1:      shiori_arrival_oz, layout_basic, basic_ecumenical_altar, serial_shops,
          shop, nrook_loot_triangle, nicolae_shop_unique_rings

Notes
Turn   | Place    | Note
-------+----------+-------------------------------------------
     0 | D:1      | kae the Demigod Shapeshifter began the quest for the Orb.
     0 | D:1      | Reached XP level 1. HP: 15/15 MP: 3/3
     0 | D:1      | magus.rc [v1.11.3]
     4 | D:1      | You pick up a book of Storms and begin reading...
     4 | D:1      | You add the spells Static Discharge, Airstrike and Summon
                  | Lightning Spire to your library.
   103 | D:1      | You add the spells Sting, Poisonous Vapours and Olgreb's
                  | Toxic Radiance to your library.
   172 | D:1      | HP: 1/15 [hobgoblin (4)]
   176 | D:1      | Slain by a hobgoblin

Vanquished Creatures
  A quokka (D:1)
  A ball python (D:1)
  2 kobolds (D:1)
4 creatures vanquished.

Table legend:
 A = Non-vault XP
 B = Vault XP
 C = Vault XP percentage of total XP
 D = Non-vault monster count
 E = Vault monster count
 F = Vault count percentage of total count
                 A         B        C        D         E       F
            +---------+---------+-------+---------+---------+-------
      Total |       4 |       1 |  20.0 |       3 |       1 |  25.0
            +---------+---------+-------+---------+---------+-------
        D:1 |       4 |       1 |  20.0 |       3 |       1 |  25.0
            +---------+---------+-------+---------+---------+-------

Action                     || total
---------------------------++-------
  Melee: Unarmed           ||    22
         Punch             ||     2
 Armour: Animal skin       ||    17
  Dodge: Dodged            ||    12

Illustrated notes

Table legend:
 A = Kills in this place as a percentage of kills in the entire game.
 B = Kills by you in this place as a percentage of kills by you in the entire game.
 C = Kills by friends in this place as a percentage of kills by friends in the entire game.
 D = Other kills in this place as a percentage of other kills in the entire game.
 E = Experience gained in this place as a percentage of experience gained in the entire game.
 F = Experience gained in this place divided by the number of levels of this place that you have seen.
                   A       B       C       D       E      F
               +-------+-------+-------+-------+-------+----------------------
         Total | 100.0 | 100.0 |   N/A |   N/A | 100.0 |   5.0
       Dungeon | 100.0 | 100.0 |   N/A |   N/A | 100.0 |   5.0
               +-------+-------+-------+-------+-------+----------------------

Table legend: (Time is in decaauts)
 A = Elapsed time spent in this place.
 B = Non-inter-level travel time spent in this place.
 C = Inter-level travel time spent in this place.
 D = Time resting spent in this place.
 E = Time spent auto-exploring this place.
 F = Levels seen in this place.
 G = Mean time per level.
                   A        B        C        D        E       F      G
               +--------+--------+--------+--------+--------+-----+--------+
         Total |    175 |    175 |      0 |      0 |    133 |   1 |  175.0 |
       Dungeon |    175 |    175 |      0 |      0 |    133 |   1 |  175.0 |
               +--------+--------+--------+--------+--------+-----+--------+

Top non-repeatable levels by time:
     D:1: 175 daAuts
